 Dungeon Crawl Stone Soup version 0.30-a0-457-g4b7bca3bfa (webtiles) character file.

Game seed: 11534281457265966716

835 jlumianski the Trooper (level 7, -10/55 HPs)
             Began as a Demonspawn Fighter on Dec 13, 2022.
             Was an Initiate of Qazlal.
             Mangled by a two-headed ogre
             ... wielding a +0 giant club
              (21 damage)
             ... on level 6 of the Dungeon.
             The game lasted 00:24:08 (4477 turns).

jlumianski the Trooper (Demonspawn Fighter)         Turns: 4477, Time: 00:24:10

Health: -10/55     AC: 14    Str: 18    XL:     7   Next: 66%
Magic:  8/8        EV:  7    Int: 10    God:    Qazlal [......]
Gold:   140        SH:  8    Dex: 12    Spells: 6/6 levels left

rFire   . . .      SeeInvis .    z - +1 broad axe
rCold   . . .      Faith    .    c - +0 buckler
rNeg    . . .      Spirit   .    D - +0 chain mail
rPois   .          Reflect  .    u - +1 helmet of the Sunfish {*Slow Will+++ Slay+4}
rElec   .          Harm     .    q - +0 cloak
rCorr   .          Rampage  .    (no gloves)
Will    +++..                    (no boots)
Stlth   ..........               (no amulet)
HPRegen 0.29/turn                (no ring)
MPRegen 0.11/turn                (no ring)

@: mighty
A: molten scales 1, powered by pain 2, condensation shield
a: Renounce Religion


You were on level 6 of the Dungeon.
You worshipped Qazlal.
Qazlal was noncommittal.
You visited 1 branch of the dungeon, and saw 7 of its levels.

You collected 393 gold pieces.
You spent 253 gold pieces at shops.

Inventory:

Hand Weapons
 a - a +1 war axe
 j - the +4 long sword "Zoal" {vorpal, rN+ MP+9}
   (You found it on level 2 of the Dungeon)

   It inflicts extra damage upon your enemies.
   rN:        It protects you from negative energy.
   MP:        It affects your magic capacity (+9).
 m - a +0 rapier of electrocution
 x - a +3 morningstar of protection
 z - a +1 broad axe (weapon)
Missiles
 e - a poisoned dart (quivered)
 i - 56 stones
Armour
 b - a +0 scale mail
 c - a +0 buckler (worn)
 q - a +0 cloak (worn)
 u - the +1 helmet of the Sunfish (worn) {*Slow Will+++ Slay+4}
   (You found it on level 4 of the Dungeon)

   Slay:      It affects your accuracy & damage with ranged weapons and melee
   (+4).
   *Slow:     It may slow you when you take damage.
   Will:      It greatly increases your willpower.
 D - a +0 chain mail (worn)
Magical Staves
 w - a staff of conjuration
Jewellery
 k - an amulet of faith
Wands
 r - a wand of flame (4)
 t - a wand of paralysis (10)
 y - a wand of light (12)
 E - a wand of digging (3)
Scrolls
 g - a scroll of poison
 l - a scroll of immolation
 o - a scroll of magic mapping
 p - 4 scrolls of teleportation
 s - a scroll of fear
 B - a scroll of silence
Potions
 d - 3 potions of might
 n - 2 potions of curing
 v - 4 potions of mutation
 A - a potion of attraction
 F - a potion of heal wounds


   Skills:
 * Level 4.8 Fighting
 - Level 4.1 Long Blades
 * Level 3.3 Axes
 + Level 0.9 Throwing
 + Level 4.0 Armour
 + Level 1.5 Dodging
 + Level 3.5 Shields
 * Level 2.0 Invocations


You had 6 spell levels left.
You didn't know any spells.
Your spell library contained the following spells:

 Spells                   Type           Power      Damage    Failure   Level
 Gell's Gravitas          Tloc           0%         N/A       100%        3
 Teleport Other           Tloc           0%         N/A       100%        3
 Dispersal                Tloc           0%         N/A       100%        6


Dungeon Overview and Level Annotations

Branches:
Dungeon (7/15)             Temple (0/1) D:6

Altars:
Nemelex Xobeh
Qazlal

Shops:
D:4 !   D:5 *[

Annotations:
D:2 1 runed translucent door, Crazy Yiuf


Innate Abilities, Weirdness & Mutations

You are partially covered in molten scales. (AC +2)
You sometimes gain power by taking damage.
A meltable shield of frost defends you. (SH +4)


Message History

Aiming: Bolt of Light
Press: ? - help, Shift-Dir - straight line, f/p - two-headed ogre
Aim: a two-headed ogre, wielding a +0 giant club and a +0 giant spiked club (lightly wounded, very poisoned, 86% to hit)
The bolt of light hits the two-headed ogre.
The two-headed ogre is moderately wounded.
The two-headed ogre is blinded.
Aiming: Throw Flame
Press: ? - help, Shift-Dir - straight line, f/p - two-headed ogre
Aim: a two-headed ogre, wielding a +0 giant club and a +0 giant spiked club (moderately wounded, blind, very poisoned, 85% to hit)
The puff of flame hits the two-headed ogre.
The two-headed ogre is moderately wounded.
You hit the two-headed ogre but do no damage.
The two-headed ogre is moderately wounded.
You block the two-headed ogre's attack. The two-headed ogre closely misses you.
You hit the two-headed ogre.
The two-headed ogre is heavily wounded.
You block the two-headed ogre's attack. x2
You barely miss the two-headed ogre.
The two-headed ogre is heavily wounded.
The two-headed ogre barely misses you.
The two-headed ogre completely misses you.
You barely miss the two-headed ogre.
The two-headed ogre is heavily wounded.
The two-headed ogre hits you with a +0 giant club!
The two-headed ogre hits you with a +0 giant spiked club!
You hit the two-headed ogre.
The two-headed ogre is severely wounded.
The two-headed ogre is no longer blind.
The two-headed ogre closely misses you. x2
You hit the two-headed ogre but do no damage.
The two-headed ogre is severely wounded.
You block the two-headed ogre's attack.
The two-headed ogre hits you with a +0 giant spiked club!
You hit the two-headed ogre.
The two-headed ogre is severely wounded.
The two-headed ogre hits you with a +0 giant club!
* * * LOW HITPOINT WARNING * * *
You focus on the pain.
You feel very mighty all of a sudden.
The two-headed ogre hits you with a +0 giant spiked club!!
You die...

.....<........###.#............
.........#....###.#............
.........##...##....#..........
...........<...##.###..........
................#..##..........
.............#.รท...............
.#.....#....##..>..#...........
.......#....###...##...........
............##..@.# ....
........##......O.........
....[...###...............
..##.#.. ............... .
............... .......(..#....
.....#.(..###.. .....#...## ..


You could see a two-headed ogre (very poisoned).

Vanquished Creatures
  2 ogres
  A phantom (D:5)
  4 scorpions
  A necrophage (D:6)
  A howler monkey (D:4)
  2 hounds
  An iguana (D:5)
  2 jellies
  2 adders
  A white imp (D:5)
  An ufetubus (D:4)
  A dart slug (D:2)
  8 orcs
  8 endoplasms
  2 giant cockroaches (D:4)
  5 goblins
  8 hobgoblins
  3 jackals (D:1)
  4 kobolds
  5 quokkas
  5 ball pythons
  5 bats
  A frilled lizard (D:1)
  3 rats
76 creatures vanquished.

Notes
Turn   | Place    | Note
-------+----------+-------------------------------------------
     0 | D:1      | jlumianski the Demonspawn Fighter began the quest for the
                  | Orb.
     0 | D:1      | Reached XP level 1. HP: 18/18 MP: 1/1
    81 | D:1      | Gained mutation: You are partially covered in molten
                  | scales. (AC +2) [demonic ancestry]
    81 | D:1      | Reached XP level 2. HP: 12/24 MP: 2/2
   373 | D:2      | Identified the +4 long sword "Zoal" {vorpal, rN+ MP+9}
   572 | D:2      | Gained mutation: You sometimes gain a little power by
                  | taking damage. [demonic ancestry]
   572 | D:2      | Reached XP level 3. HP: 29/29 MP: 2/3
  1070 | D:2      | Found a runed translucent door.
  1071 | D:2      | Noticed Crazy Yiuf
  1260 | D:5      | Entered Level 5 of the Dungeon
  1277 | D:4      | Reached skill level 1 in Long Blades
  1277 | D:4      | Reached XP level 4. HP: 33/35 MP: 4/4
  1347 | D:3      | Noticed a scorpion
  1357 | D:3      | Killed a scorpion
  1358 | D:3      | Reached XP level 5. HP: 41/42 MP: 5/5
  1648 | D:3      | Reached skill level 1 in Dodging
  2072 | D:4      | Identified the +1 helmet of the Sunfish {*Slow Will+++
                  | Slay+4}
  2128 | D:4      | Noticed an ogre
  2144 | D:4      | Killed an ogre
  2145 | D:4      | Gained mutation: You sometimes gain power by taking damage.
                  | [demonic ancestry]
  2145 | D:4      | Reached XP level 6. HP: 24/48 MP: 6/6
  2414 | D:4      | Found Xuirroig's Distillery.
  3158 | D:4      | Bought a potion of curing for 33 gold pieces
  3158 | D:4      | Bought a potion of might for 44 gold pieces
  3158 | D:4      | Bought a potion of mutation for 88 gold pieces
  3158 | D:4      | Bought a potion of might for 44 gold pieces
  3354 | D:5      | Found a stormy altar of Qazlal.
  3366 | D:5      | Found Qibekk's Mayhem Merchandise.
  3367 | D:5      | Became a worshipper of Qazlal Stormbringer
  3377 | D:5      | Bought a +0 broad axe for 44 gold pieces
  3401 | D:5      | Gained mutation: A meltable shield of frost defends you.
                  | (SH +4) [demonic ancestry]
  3401 | D:5      | Reached XP level 7. HP: 51/55 MP: 7/7
  3442 | D:6      | Found a staircase to the Ecumenical Temple.
  3518 | D:5      | Reached skill level 1 in Invocations
  3572 | D:6      | Found a sparkling altar of Nemelex Xobeh.
  3815 | D:5      | Found Plog's Armour Shoppe.
  4465 | D:6      | Noticed a two-headed ogre
  4477 | D:6      | Mangled by a two-headed ogre

Illustrated notes

Levels and vault maps discovered:
D:1:      psy_arrival_terrarium, layout_rooms
D:2:      layout_basic, minmay_misc_feat_rows, lightli_corner_chamber,
          uniq_crazy_yiuf_cottage
D:3:      layout_basic
D:4:      layout_cave_pods, minmay_misc_feat_plants, palyth_stone_intersect,
          nicolae_inconvenience_store, minmay_checkerbox
D:5:      layout_layer_cave, grunt_qazlal_sundering,
          nicolae_tso_carved_into_rock, serial_shops,
          nicolae_shop_competitors_out_of_business, minmay_shop_mayhem
D:6:      layout_cave_pools, mainiacjoe_overflow_catch_the_wave,
          minmay_temple_entry_mist, minmay_ruined_shrine
D:7:      layout_gridville, minmay_misc_feat_cross, uniq_joseph

Skill      XL: |  1  2  3  4  5  6  7 |
---------------+----------------------+-----
Axes           | 2 3 |  3.3
Armour         | 3 4 |  4.0
Shields        | 3 |  3.5
Long Blades    | 1 2 3 4 |  4.1
Dodging        | 1 |  1.5
Fighting       | 4 |  4.8
Invocations    | 2 |  2.0
Throwing       | |  0.9

Action                   |  1- 3 |  4- 6 |  7- 9 || total
-------------------------+-------+-------+-------++-------
Melee: War axe           |    72 |       |       ||    72
       Long sword        |    29 |    83 |       ||   112
       Broad axe         |       |    15 |    38 ||    53
Throw: Dart              |       |     5 |     3 ||     8
       Stone             |       |     3 |       ||     3
Evoke: Wand              |       |       |     2 ||     2
  Use: Scroll            |       |     4 |     8 ||    12
Armor: Scale mail        |    54 |    51 |    13 ||   118
       Chain mail        |       |       |     4 ||     4
Dodge: Dodged            |    38 |    55 |    19 ||   112
Block: Buckler           |    26 |    23 |    18 ||    67

Table legend: (Time is in decaauts)
 A = Elapsed time spent in this place.
 B = Non-inter-level travel time spent in this place.
 C = Inter-level travel time spent in this place.
 D = Time resting spent in this place.
 E = Time spent auto-exploring this place.
 F = Levels seen in this place.
 G = Mean time per level.
                   A        B        C        D        E       F      G
               +--------+--------+--------+--------+--------+-----+--------+
         Total |   4583 |   4442 |    141 |      0 |   2765 |   7 |  654.7 |
       Dungeon |   4583 |   4442 |    141 |      0 |   2765 |   7 |  654.7 |
               +--------+--------+--------+--------+--------+-----+--------+

Top non-repeatable levels by time:
     D:4: 1243 daAuts
     D:5: 1144 daAuts
     D:3: 933 daAuts
     D:2: 772 daAuts
     D:1: 345 daAuts
     D:6: 131 daAuts
     D:7: 12 daAuts
